Map: Acid Plant LE

Players

Sugar

  • Race: Terran Terran
  • Spawn Location: 11:00

Clem - Winner!

  • Race: Terran Terran
  • Spawn Location: 5:00

Event: WCS Montreal 2018

VOD

Have the link to the VOD?

Description

Time

  • Played on: Sept. 7, 2018, 12:26 p.m.
  • Length: 5:30

All games in this series

Show
View Real Time Build Order
Export as new Build Order

Sugar Terran 

Build Orders: 1/1/1, Cyclone Opening 

Get SALT Encoding   

  12  0:01  SCV  
  13  0:13  SCV  
  14  0:17  Supply Depot  
  14  0:25  SCV  
  15  0:33  Refinery  
  15  0:39  SCV  
  16  0:45  Barracks  
  16  0:51  SCV  
  17  0:57  Refinery  
  17  1:03  SCV  
  18  1:15  SCV  
  19  1:33  Factory  
  19  1:37  Orbital Command  
  19  1:40  Reaper  
  20  1:51  Supply Depot  
  20  2:03  SCV  
  21  2:13  Barracks Reactor  
  21  2:17  Starport  
  21  2:26  Cyclone  
  21  2:28  SCV  
  25  2:34  Supply Depot  
  25  2:46  SCV  
  26  2:56  Starport Tech Lab  
  26  3:04  SCV  
  27  3:15  Banshee, Hellion x2, Cloaking Field  
  34  3:20  Supply Depot  
  34  3:34  SCV  
  34  3:40  Cyclone  
  37  3:42  Cyclone  
  40  3:52  SCV  
  41  3:57  Supply Depot  
  41  4:01  Banshee  
  41  4:13  SCV  
  42  4:26  Command Center  
  41  4:51  SCV  
  37  5:04  SCV  
  47  5:16  SCV  
Show
View Real Time Build Order
Export as new Build Order

Clem Terran - Winner!

Build Orders: Cyclone Opening, Reaper Expand 

Get SALT Encoding   

  12  0:01  SCV  
  13  0:13  SCV  
  14  0:17  Supply Depot  
  14  0:25  SCV  
  15  0:39  SCV  
  15  0:41  Barracks  
  16  0:45  Refinery  
  16  0:51  SCV  
  17  1:03  SCV  
  18  1:15  SCV  
  19  1:28  Reaper, Orbital Command  
  20  1:44  Command Center  
  20  1:54  Supply Depot  
  20  1:56  SCV  
  20  2:00  Marine  
  22  2:08  SCV  
  23  2:12  Factory  
  23  2:20  Refinery  
  23  2:22  Barracks Reactor  
  23  2:23  SCV  
  24  2:30  Bunker  
  24  2:35  SCV  
  25  2:47  SCV  
  26  2:55  Orbital Command  
  29  2:58  Cyclone  
  29  3:00  Marine x2  
  29  3:04  SCV  
  31  3:14  Starport  
  31  3:16  SCV  
  32  3:20  Marine  
  32  3:21  Marine  
  32  3:24  SCV  
  35  3:29  SCV  
  35  3:33  Supply Depot  
  35  3:34  Factory Tech Lab  
  36  3:39  SCV  
  36  3:41  SCV  
  38  3:45  Marine x2  
  40  3:51  SCV  
  40  3:53  SCV  
  42  4:03  SCV  
  42  4:04  Factory Tech Lab  
  42  4:05  SCV  
  44  4:11  Raven  
  44  4:15  Engineering Bay, SCV  
  47  4:17  SCV  
  47  4:18  Supply Depot  
  47  4:21  Marine x2  
  50  4:25  Siege Tank  
  50  4:27  SCV  
  54  4:34  SCV  
  51  4:38  Marine  
  51  4:39  SCV, Marine  
  51  4:46  SCV  
  51  4:49  Missile Turret  
  51  4:51  SCV  
  52  4:56  Marine  
  52  4:58  SCV  
  53  5:00  Marine  
  53  5:03  SCV  
  57  5:10  SCV  
  60  5:15  Supply Depot  
  60  5:18  SCV  
Tags
 
Add a new tag
Caveats
  • Supply blocks, unpowered buildings, or Contaminate may cause inaccurate times.
  • Supply counts are checked every 10 seconds.